 Dungeon Crawl Stone Soup version 0.30.0-5-g1a98f26d00 (webtiles) character file.

Game seed: 5239528222839886386

1 tish the Caller (level 1, -2/13 HPs)
             Began as a Barachi Summoner on May 12, 2023.
             Slain by a quokka (3 damage)
             ... on level 1 of the Dungeon.
             The game lasted 00:00:38 (93 turns).

tish the Caller (Barachi Summoner)                    Turns: 93, Time: 00:00:38

Health: -2/13      AC:  2    Str:  9    XL:     1   Next: 20%
Magic:  1/3        EV: 12    Int: 15    God:
Gold:   0          SH:  0    Dex: 12    Spells: 3/4 levels left

rFire   . . .        (no weapon)
rCold   . . .        (no shield)
rNeg    . . .        a - +0 robe
rPois   .            (no helmet)
rElec   .            (no cloak)
rCorr   .            (no gloves)
SInv    .            (no boots)
Will    .....        (no amulet)
Stlth   ++           (no ring)
HPRegen 0.22/turn    (no ring)
MPRegen 0.08/turn

%: no passive effects
@: slow
A: amphibious, slowness 1, strong legs 1, +LOS
a: Hop


You were on level 1 of the Dungeon.
You visited 1 branch of the dungeon, and saw 1 of its levels.

Inventory:

Missiles
 c - 6 poisoned darts
Armour
 a - a +0 robe (worn)
Potions
 b - a potion of magic


   Skills:
 + Level 2.1 Dodging
 + Level 1.7 Stealth
 + Level 2.1 Spellcasting
 + Level 4.9 Summonings


You had 3 spell levels left.
You knew the following spells:

 Your Spells              Type           Power      Damage    Failure   Level
a - Summon Small Mammal   Summ           64%        N/A       3%          1

Your spell library contained the following spells:

 Spells                   Type           Power      Damage    Failure   Level
 Call Imp                 Summ           32%        N/A       4%          2
 Call Canine Familiar     Summ           16%        N/A       9%          3
 Summon Guardian Golem    Hex/Summ       9%         N/A       24%         3
 Summon Lightning Spire   Summ/Air       9%         N/A       61%         4


Dungeon Overview and Level Annotations

Branches:
Dungeon (1/15)

Altars:


Innate Abilities, Weirdness & Mutations

You are amphibious.
You cover ground slowly.
You can hop short distances.
You have an extended range of vision and can be seen from far away.


Message History

Confirm with . or Enter, or press ? or * to list all spells.
Your bat barely misses the frilled lizard.
You swap places.
Your bat hits the frilled lizard.
Your rat bites the frilled lizard.
The frilled lizard dies!
A quokka comes into view.
You see here 4 gold pieces.
You see here 9 gold pieces.
Your bat barely misses the quokka.
Your bat completely misses the quokka.
Your bat misses the quokka.
Your rat bites the quokka but does no damage.
The quokka bites your rat.
Your rat dies!
Your rat's corpse disappears in a puff of smoke!
Your bat misses the quokka.
The quokka twitches its whiskers.
You see here 9 gold pieces.
Your bat hits the quokka. You miss the quokka.
The quokka is moderately wounded.
Your bat closely misses the quokka.
The quokka bites you but does no damage.
The quokka attacks as you move away! The quokka bites you.
Your bat hits the quokka. The quokka bites you.
You closely miss the quokka.
The quokka is heavily wounded.
Your bat disappears in a puff of smoke!
The quokka bites you.
You closely miss the quokka.
The quokka is heavily wounded.
The quokka bites you.
* * * LOW HITPOINT WARNING * * *
Unknown command.
Casting: Summon Small Mammal (safe; 3% risk of failure)
Confirm with . or Enter, or press ? or * to list all spells.
The quokka barely misses you. The quokka misses you.
Your rat barely misses the quokka.
The quokka closely misses you.
Your rat barely misses the quokka.
The quokka attacks as you move away! The quokka bites you.
You die...

. #####+##.. #.........
#......... #####.§.......
#..$....§.....
#............. ......#
#.r........... ........
###@.r.........#
#.....!.###....$####.....#
#........+.....+ .....#
#.......##.....# #####
#.......##.....#
##.......##.....# ...
.......#.##.....###...
#...##.....#....
.......#.##...........


You could see a quokka (ally target) and a friendly rat (summoned).

Vanquished Creatures (collateral kills)
  2 frilled lizards (D:1)
2 creatures vanquished.

Notes
Turn   | Place    | Note
-------+----------+-------------------------------------------
     0 | D:1      | tish the Barachi Summoner began the quest for the Orb.
     0 | D:1      | Reached XP level 1. HP: 13/13 MP: 3/3
    93 | D:1      | Slain by a quokka

Illustrated notes

Levels and vault maps discovered:
D:1:      onia_arrival_mini_maze, layout_basic

Action                     || total
---------------------------++-------
  Melee: Unarmed           ||     4
   Cast: Summon Small Mamm ||     4
   Stab: Sleeping          ||     1
 Armour: Robe              ||     1
  Dodge: Dodged            ||     5
